 Dungeon Crawl Stone Soup version 0.23.2-33-g5129a83184 (webtiles) character file.

Game seed: 12290959031566882453

2517 Derp the Spear-Bearer (level 9, -5/103 HPs)
             Began as a Demonspawn Berserker on July 21, 2019.
             Was a Priest of Trog.
             Slain by an orc knight
             ... wielding a +0 halberd
              (13 damage)
             ... in a bailey.
             The game lasted 00:16:32 (5297 turns).

Derp the Spear-Bearer (Demonspawn Berserker)        Turns: 5297, Time: 00:16:33

Health: -5/103     AC: 17    Str: 25    XL:     9   Next: 29%
Magic:  9/9        EV:  8    Int:  9    God:    Trog [***...]
Gold:   288        SH:  0    Dex: 13    Spells: 8/8 levels left

rFire    . . .     SeeInvis .   w - +1 spear (venom)
rCold    . . .     Gourm    .   (no shield)
rNeg     . . .     Faith    .   H - +0 plate armour
rPois    .         Spirit   .   (helmet restricted)
rElec    .         Reflect  .   (no cloak)
rCorr    .         Harm     .   (no gloves)
MR       ++...                  p - +1 pair of boots
Stlth    ..........             s - amulet of regeneration
HPRegen  1.67/turn              (no ring)
MPRegen  0.11/turn              (no ring)

@: berserking, regenerating, very quick
A: horns 2, iridescent scales 1, nightstalker 1
a: Berserk, Trog's Hand, Renounce Religion


You were in a bailey.
You worshipped Trog.
Trog was most pleased with you.
You were hungry.

You visited 1 branch of the dungeon, and saw 7 of its levels.
You also visited: Ossuary and Bailey.

You collected 288 gold pieces.

Inventory:

Hand Weapons
 a - a +0 spear
 w - a +1 spear of venom (weapon)
 F - a +2 halberd of protection
Armour
 p - a +1 pair of boots (worn)
 H - a +0 plate armour (worn)
Jewellery
 f - an uncursed ring of protection from cold
 s - an amulet of regeneration (around neck)
Wands
 t - a wand of iceblast (16)
 x - a wand of random effects (31)
 y - a wand of digging (6)
 C - a wand of flame (28)
Scrolls
 b - a scroll of amnesia {unknown}
 c - a scroll of blinking {unknown}
 d - 4 scrolls of enchant armour
 g - 4 scrolls of random uselessness {unknown}
 i - 2 scrolls of teleportation {unknown}
 j - 5 scrolls of remove curse {unknown}
 o - a scroll of immolation {unknown}
 q - a scroll of noise {unknown}
 r - 5 scrolls of enchant weapon {unknown}
 u - a scroll of holy word {unknown}
 B - a scroll of vulnerability {unknown}
 G - 3 scrolls of magic mapping {unknown}
Potions
 e - 3 potions of agility {unknown}
 k - 5 potions of heal wounds {unknown}
 l - a potion of lignification {unknown}
 m - 3 potions of curing {unknown}
 n - 2 potions of might {unknown}
 v - 2 potions of flight {unknown}
 A - a potion of haste {unknown}
 D - a potion of ambrosia {unknown}
 E - a potion of mutation {unknown}


   Skills:
 + Level 6.0 Fighting
 + Level 8.4 Polearms
 + Level 6.3 Armour
 + Level 3.3 Dodging
 + Level 1.1 Stealth


You had 8 spell levels left.
You didn't know any spells.
Your spell library was empty.

Dungeon Overview and Level Annotations

Branches:
Dungeon (7/15)             Temple (0/1) D:6

Altars:
Elyvilon
Okawaru
Trog

Annotations:
D:3 1 runed translucent door, Frank's ghost, amateur DgGl
D:4 3 runed translucent doors, psyvane's ghost, novice DECj


Innate Abilities, Weirdness & Mutations

You have a pair of horns on your head.
You are partially covered in iridescent scales. (AC +2)
You are slightly more attuned to the shadows.


Message History

Your skin crawls.
You feel resistant to hostile enchantments.
You feel somewhat more hungry.
The orc warrior hits you from afar with a +0 halberd!!
* * * LOW HITPOINT WARNING * * *
A red film seems to cover your vision as you go berserk!
You feel yourself moving faster!
You feel mighty!
You are feeling hungry.
The orc warrior closely misses you.
The orc warrior hits you from afar with a +0 halberd!
* * * LOW HITPOINT WARNING * * *
You closely miss the orc knight.
The orc warrior hits you from afar with a +0 halberd.
* * * LOW HITPOINT WARNING * * *
You hit the orc knight but do no damage.
The orc knight is poisoned.
You headbutt the orc knight.
The orc knight is lightly wounded.
The orc warrior barely misses you.
The orc knight hits you with a +0 halberd!
You die...

...≈≈≈≈≈≈≈≈≈##≈≈≈≈≈≈≈##
≈.
...≈≈≈≈≈≈≈≈##≈≈#'#'#≈≈##
≈.
...≈≈≈≈≈≈≈≈#≈≈##)#)##≈≈#
≈.
...≈≈≈≈≈≈≈##≈#########≈#
≈.
...≈≈≈≈≈≈≈##≈')#:.)#)'≈#
≈.
...≈≈≈≈≈≈≈##≈###o8.###≈#
≈.
...≈≈≈≈≈≈(##≈')#.oo#)'≈#
≈.
...≈≈≈≈≈≈(##(####o####≈#
≈.
...≈≈≈≈≈≈(##≈≈##@.∩##≈≈#
≈.
...≈≈≈≈≈≈≈(((≈##'''#≈≈##
≈.
...≈≈≈≈≈≈≈≈≈≈≈##≈≈≈≈≈##
≈.
...≈≈≈≈≈≈≈≈≈≈≈##≈≈≈≈##
≈. ...≈≈#o#≈≈≈≈≈≈#######
≈. ...≈##oo#≈≈≈≈≈≈≈ ≈.
...≈o.^.o≈≈≈≈≈≈≈≈ ≈.
...≈##.##≈≈≈≈≈≈≈≈ ≈.
...≈ ≈.


You could see an orc knight and 2 orc warriors.

Vanquished Creatures
  A troll (D:6)
  2 wraiths (Ossuary)
  An orc warrior (Bailey)
  A sky beast (D:6)
  A phantom (D:5)
  An ogre (D:6)
  4 bullfrogs
  3 scorpions (D:4)
  3 killer bees (D:7)
  3 wights (Ossuary)
  4 electric eels (D:6)
  A crimson imp (D:6)
  4 hounds
  2 orc priests
  2 jellies (D:7)
  5 orc wizards
  An iguana (D:4)
  5 worker ants
  2 hound skeletons
  A worker ant zombie (D:5)
  4 gnolls (D:4)
  10 adders
  2 shadow imps
  An ooze (D:4)
  A worm (D:2)
  3 dart slugs
  2 leopard geckos (D:2)
  15 orcs
  8 giant cockroaches
  6 goblins
  6 hobgoblins
  7 jackals
  A quokka (D:4)
  A ball python (D:2)
  2 ball python skeletons (Ossuary)
  8 bats
  4 frilled lizards
  A hobgoblin skeleton (Ossuary)
  A hobgoblin zombie (D:6)
  5 kobolds
  A leopard gecko zombie (D:6)
  2 orc skeletons (Ossuary)
  3 orc zombies (Ossuary)
  4 rats
145 creatures vanquished.

Notes
Turn   | Place    | Note
-------+----------+-------------------------------------------
     0 | D:1      | Derp the Demonspawn Berserker began the quest for the Orb.
     0 | D:1      | Reached XP level 1. HP: 18/18 MP: 1/1
   274 | D:1      | Gained mutation: You are partially covered in iridescent
                  | scales. (AC +2) [demonic ancestry]
   274 | D:1      | Reached XP level 2. HP: 15/24 MP: 2/2
   399 | D:1      | Reached skill level 3 in Polearms
   593 | D:2      | Gained mutation: You have a pair of small horns on your
                  | head. [demonic ancestry]
   593 | D:2      | Reached XP level 3. HP: 11/29 MP: 3/3
   923 | D:2      | Reached ** piety under Trog
  1263 | D:3      | Found a runed translucent door.
  1263 | D:3      | Noticed Frank's ghost (amateur DgGl)
  1285 | D:3      | Reached XP level 4. HP: 35/35 MP: 4/4
  1358 | D:3      | Found a white marble altar of Elyvilon.
  1671 | D:3      | Reached skill level 4 in Polearms
  1671 | D:3      | Gained mutation: You are slightly more attuned to the
                  | shadows. [demonic ancestry]
  1671 | D:3      | Reached XP level 5. HP: 41/41 MP: 5/5
  2143 | D:4      | Reached skill level 5 in Polearms
  2143 | D:4      | Reached XP level 6. HP: 32/48 MP: 6/6
  2217 | D:4      | Found a bloodstained altar of Trog.
  2467 | D:4      | Found a runed translucent gate.
  2470 | D:4      | Found a runed translucent gate.
  2471 | D:4      | Found a runed translucent gate.
  2472 | D:4      | Noticed psyvane's ghost (novice DECj)
  2693 | D:4      | Reached XP level 7. HP: 41/54 MP: 7/7
  2804 | D:5      | Entered Level 5 of the Dungeon
  3169 | D:5      | Reached skill level 6 in Polearms
  3339 | D:6      | Reached *** piety under Trog
  3504 | D:6      | Reached XP level 8. HP: 61/61 MP: 8/8
  3616 | D:6      | Found a staircase to the Ecumenical Temple.
  3802 | D:6      | Found a sand-covered staircase.
  3814 | Ossuary  | Entered an ossuary
  3877 | Ossuary  | Reached skill level 7 in Polearms
  3923 | Ossuary  | Noticed a flying skull
  3956 | Ossuary  | Noticed a flying skull
  4005 | Ossuary  | Reached skill level 1 in Stealth
  4013 | Ossuary  | Noticed a flying skull
  4014 | Ossuary  | Noticed a flying skull
  4053 | Ossuary  | Reached skill level 5 in Fighting
  4240 | D:6      | Reached skill level 5 in Armour
  4646 | D:7      | Reached skill level 8 in Polearms
  4660 | D:7      | Noticed a troll
  4724 | D:7      | Gained mutation: You have a pair of horns on your head.
                  | [demonic ancestry]
  4724 | D:7      | Reached XP level 9. HP: 46/68 MP: 9/9
  4780 | D:6      | Killed a troll
  4824 | D:7      | Found an iron altar of Okawaru.
  4959 | D:7      | Found a flagged portal.
  4977 | Bailey   | Entered a bailey
  5291 | Bailey   | Noticed an orc knight
  5297 | Bailey   | Slain by an orc knight

Skill      XL: |  1  2  3  4  5  6  7  8  9 |
---------------+----------------------------+-----
Polearms       | 3 4 5 6 8 |  8.4
Dodging        | 2 3 |  3.3
Armour         | 2 3 4 5 6 |  6.3
Fighting       | 4 5 6 |  6.0
Stealth        | 1 |  1.1

Action                   |  1- 3 |  4- 6 |  7- 9 || total
-------------------------+-------+-------+-------++-------
Melee: Spear             |   134 |   221 |   413 ||   768
       Headbutt          |     5 |    37 |    97 ||   139
Invok: Berserk           |     2 |     3 |     6 ||    11
       Trog's Hand       |     1 |     3 |     8 ||    12
  Use: Scroll            |       |       |     5 ||     5
 Stab: Sleeping          |     1 |       |       ||     1
  Eat: Ration            |     1 |     2 |     4 ||     7
       Chunk             |     1 |       |     5 ||     6
Armor: Animal skin       |     3 |       |       ||     3
       Scale mail        |    67 |    88 |       ||   155
       Chain mail        |       |    19 |    92 ||   111
       Plate armour      |       |       |   109 ||   109
Dodge: Dodged            |    75 |   100 |   144 ||   319
